 Dungeon Crawl Stone Soup version 0.29.0-4-gdea44cf6ec (webtiles) character file.

Game seed: 9934999740253594648

131 qw the Chopper (level 4, -1/35 HPs)
             Began as a Demonspawn Cinder Acolyte on Sept 10, 2022.
             Was an Elder of Ignis.
             Blown up by Ijyb (15 damage)
             ... with a mindburst bolt
             ... on level 3 of the Dungeon.
             The game lasted 00:00:55 (3268 turns).

qw the Chopper (Demonspawn Cinder Acolyte)          Turns: 3268, Time: 00:00:55

Health: -1/35      AC: 19    Str: 17    XL:     4   Next: 91%
Magic:  5/5        EV:  5    Int: 15    God:    Ignis [****..]
Gold:   133        SH:  0    Dex:  8    Spells: 5/5 levels left

rFire   + . .      SeeInvis .   Y - -1 hand axe (flame)
rCold   . . .      Faith    .   (no shield)
rNeg    . . .      Spirit   .   j - +0 plate armour
rPois   .          Reflect  .   (no helmet)
rElec   .          Harm     .   (no cloak)
rCorr   .          Rampage  .   (no gloves)
Will    .....                   h - +0 pair of boots
Stlth   ..........              (no amulet)
HPRegen 0.11/turn               m - +4 ring of slaying {mikee}
MPRegen 0.09/turn               (no ring)

@: fiery-armoured
A: hooves 1, demonic guardian 1
a: Renounce Religion, Fiery Armour, Foxfire Swarm, Rising Flame


You were on level 3 of the Dungeon.
You worshipped Ignis.
Ignis was greatly pleased with you.
You visited 1 branch of the dungeon, and saw 4 of its levels.

You collected 133 gold pieces.


Innate Abilities, Weirdness & Mutations

You have large cloven feet.
A weak demonic guardian rushes to your aid.


   Skills:
 - Level 3.0 Fighting
 + Level 4.3 Axes
 - Level 2.1 Armour
 - Level 1.0 Dodging
 - Level 1.0 Spellcasting
 - Level 2.6 Fire Magic


You had 5 spell levels left.
You didn't know any spells.
Your spell library contained the following spells:

 Spells                   Type           Power      Damage    Failure   Level
 Scorch                   Fire           16%        2d6       100%        2

Inventory:

Hand Weapons
 Y - a -1 hand axe of flaming (weapon)
Armour
 h - a +0 pair of boots (worn)
 j - a +0 plate armour (worn)
Jewellery
 m - a +4 ring of slaying (left hand) {mikee}
Scrolls
 e - a scroll of identify
Potions
 a - 2 potions of curing
 b - a potion of haste {unknown}
 f - a potion of flight {unknown}
 g - a potion of heal wounds
 i - a potion of attraction {unknown}

Dungeon Overview and Level Annotations

Branches:
Dungeon (4/15)
 Temple: D:4-7

Altars:
Qazlal

Annotations:
D:3 Ijyb
D:4 1 transporter, qw's ghost, amateur DsCA


Message History

3242 ||| DRINKING 2 red potions.
It was a potion of heal wounds.
You feel much better.
(D) Dungeon
Where to? (* - list waypoints, Enter - D:3, ? - help)
What level of the Dungeon? (default 1, ? - help)
Found a scroll labelled NIYCZI WIUTATS.
There is a stone staircase leading up here.
You climb upwards.
There is a stone staircase leading down here.
Existing waypoints: (1) D:2 (2) D:4 Assign waypoint to what number? (0-9, D - delete waypoint) Waypoint 1 re-assigned from D:2 to D:3.
A ball python comes into view.
Found 12 gold pieces.
The ball python hisses angrily.
You closely miss the ball python. The ball python barely misses you.
The ball python grabs you. The ball python constricts you.
You hit the ball python but do no damage.
The ball python bites you but does no damage.
The ball python constricts you.
The ball python bites you but does no damage.
The ball python constricts you.
You hit the ball python. You burn the ball python.
You kill the ball python!
Ijyb the Twisted Goblin comes into view.
She is wielding a +5 club and carrying a wand of mindburst (12).
Ijyb shouts!
An endoplasm comes into view.
3263 ||| Stepping ~*~*~tactically~*~*~ (hiding).
You start waiting.
Ijyb is nearby!
Ijyb zaps a wand.
Your mind is blasted!
Ijyb zaps a wand.
Your mind is blasted!
Ouch! That really hurt!
A demonic guardian appears!
3268 ||| INVOKING Fiery Armour.
A protective cloak of flame settles atop you.
Ijyb zaps a wand.
Your mind is blasted!
You die...

.. .# ##
### .###.#
#.. .....
#.# ....
#.# ..#
#####.##g.#
#......@..#
#>###.....#
#.# #..##5#
#.# #...#.#
#.# #.....#
#.# #...#.#
#.# ##.##$#
#.# #.# #
#.. ...


You could see Ijyb (ally target) and a friendly shadow imp (summoned).

Vanquished Creatures
  Blork the orc (D:4)
  3 worms
  A dart slug (D:1)
  6 bats (D:1)
  2 endoplasms (D:1)
  2 giant cockroaches
  6 goblins
  3 hobgoblins (D:1)
  3 jackals (D:2)
  4 kobolds
  4 quokkas
  9 ball pythons
  2 frilled lizards
  5 rats
51 creatures vanquished.

Vanquished Creatures (collateral kills)
  A worm (D:2)
  A hobgoblin (D:1)
  2 bats (D:1)
4 creatures vanquished.

Grand Total: 55 creatures vanquished

Notes
Turn   | Place    | Note
-------+----------+-------------------------------------------
     0 | D:1      | qw the Demonspawn Cinder Acolyte began the quest for the
                  | Orb.
     0 | D:1      | Reached XP level 1. HP: 18/18 MP: 2/2
     0 | D:1      | 0 ||| qw: Version: 0.1-a-113-g051387a
     0 | D:1      | 0 ||| qw: Game counter: 7385
     0 | D:1      | 0 ||| qw: Always use a shield: true
     0 | D:1      | 0 ||| qw: God list: Okawaru
     0 | D:1      | 0 ||| qw: Allow faded altars: false
     0 | D:1      | 0 ||| qw: Do Orc after D:15 true
     0 | D:1      | 0 ||| qw: Do second Lair branch before Depths: true
     0 | D:1      | 0 ||| qw: Lair rune preference: random
     0 | D:1      | 0 ||| qw: Plans: Normal
     0 | D:1      | 0 ||| PLANNING D:1-11
    84 | D:1      | 84 ||| Stepping ~*~*~tactically~*~*~ (hiding).
    88 | D:1      | 88 ||| Stepping ~*~*~tactically~*~*~ (stealth).
    96 | D:1      | 96 ||| Stepping ~*~*~tactically~*~*~ (stealth).
   100 | D:1      | 100 ||| INVOKING Fiery Armour.
   102 | D:1      | Reached skill level 3 in Axes
   117 | D:1      | Gained mutation: A weak demonic guardian rushes to your
                  | aid. [demonic ancestry]
   117 | D:1      | Reached XP level 2. HP: 10/24 MP: 3/3
   350 | D:1      | Found a faded altar of an unknown god.
   374 | D:1      | 374 ||| UPGRADING to +0 leather armour.
   375 | D:1      | 375 ||| UPGRADING to +0 leather armour.
   385 | D:1      | 385 ||| INVOKING Fiery Armour.
   385 | D:1      | HP: 6/24 [goblin/+0 club (3)]
   605 | D:1      | 605 ||| DROPPING +0 robe.
   856 | D:1      | Reached XP level 3. HP: 29/29 MP: 4/4
  1225 | D:1      | 1225 ||| UPGRADING to +0 pair of boots.
  1277 | D:1      | Reached skill level 4 in Axes
  1360 | D:1      | 1360 ||| READING scroll labelled HORROERCHIUSE.
  1361 | D:1      | 1361 ||| READING scroll labelled PERIDU VIUCAMN.
  1362 | D:1      | 1362 ||| DRINKING 2 golden potions.
  1402 | D:1      | 1402 ||| DROPPING potion of lignification.
  1450 | D:2      | 1450 ||| STAIRDANCE
  1555 | D:2      | 1555 ||| STAIRDANCE
  1707 | D:2      | 1707 ||| Stepping ~*~*~tactically~*~*~ (stealth).
  1792 | D:2      | Found a stormy altar of Qazlal.
  1925 | D:2      | Reached skill level 1 in Dodging
  2668 | D:2      | Gained mutation: You have large cloven feet. [demonic
                  | ancestry]
  2668 | D:2      | Reached XP level 4. HP: 34/35 MP: 5/5
  2726 | D:2      | 2726 ||| UPGRADING to +0 plate armour.
  2736 | D:2      | 2736 ||| DROPPING +0 leather armour.
  2737 | D:2      | 2737 ||| UPGRADING to +4 ring of slaying {mikee}.
  2738 | D:2      | 2738 ||| READING scroll labelled RECHIK UNEITSO.
  2739 | D:2      | 2739 ||| READING 2 scrolls labelled HOGATI GEOCW.
  2743 | D:2      | 2743 ||| READING scroll labelled ADGHIY XIVE.
  2744 | D:2      | 2744 ||| READING 2 scrolls of identify.
  2744 | D:2      | 2744 ||| IDENTIFYING sapphire potion
  2745 | D:2      | 2745 ||| READING scroll of teleportation.
  2771 | D:3      | You fall into a shaft and drop 1 floor!
  2826 | D:4      | Identified the +7 great mace "Licage" {freeze, rPois}
  2826 | D:4      | Noticed an ogre
  2826 | D:4      | Noticed qw's ghost (amateur DsCA)
  2827 | D:4      | Found a transporter.
  2827 | D:4      | Noticed an ogre
  2843 | D:4      | Noticed Blork the orc
  2844 | D:4      | 2844 ||| Stepping ~*~*~tactically~*~*~ (hiding).
  2845 | D:4      | 2845 ||| Stepping ~*~*~tactically~*~*~ (hiding).
  2849 | D:4      | 2849 ||| INVOKING Fiery Armour.
  2853 | D:4      | Killed Blork the orc
  3103 | D:4      | 3103 ||| READING scroll labelled NAT FENETRUINN.
  3241 | D:4      | 3241 ||| READING scroll labelled PEASKO MENGAL.
  3242 | D:4      | 3242 ||| DRINKING 2 red potions.
  3262 | D:3      | Noticed Ijyb
  3263 | D:3      | 3263 ||| Stepping ~*~*~tactically~*~*~ (hiding).
  3268 | D:3      | 3268 ||| INVOKING Fiery Armour.
  3268 | D:3      | Blown up by Ijyb

Levels and vault maps discovered:
D:1:      matt_arrival_refuge, layout_basic, ebering_ecumenical_altar_abandoned,
          minmay_octomino_e4
D:2:      kb_forest_paths, layout_basic, basic_altar, nrook_mini_vaults,
          grunt_ministairs_2, hangedman_decor_clover_reticule
D:3:      layout_loops_ring, mainiacjoe_overflow_six_doors_small,
          mainiacjoe_overflow_cross_hatched, minmay_misc_feat_pillars,
          minmay_divided_ellipse, uniq_ijyb
D:4:      layout_loops_ring, gammafunk_ghost_smash, serial_shops, shop,
          uniq_blork_the_orc, uniq_edmund, uniq_duvessa

Skill      XL: |  1  2  3  4 |
---------------+-------------+-----
Axes           | 3 4 |  4.3
Dodging        | 1 |  1.0
Armour         | 2 |  2.1
Fighting       | |  3.0
Spellcasting   | |  1.0
Fire Magic     | |  2.6

Action                   |  1- 3 |  4- 6 || total
-------------------------+-------+-------++-------
Melee: Hand axe          |   144 |    13 ||   157
Invok: Fiery Armour      |     2 |     2 ||     4
  Use: Scroll            |     2 |     7 ||     9
       Potion            |     1 |     1 ||     2
Armor: Robe              |     6 |       ||     6
       Leather armour    |    39 |       ||    39
       Plate armour      |       |     6 ||     6
Dodge: Dodged            |   102 |     2 ||   104

Table legend:
 A = Non-vault XP
 B = Vault XP
 C = Vault XP percentage of total XP
 D = Non-vault monster count
 E = Vault monster count
 F = Vault count percentage of total count
                 A         B        C        D         E       F
            +---------+---------+-------+---------+---------+-------
      Total |      88 |     100 |  53.2 |      44 |      11 |  20.0
            +---------+---------+-------+---------+---------+-------
        D:1 |      51 |       5 |   8.9 |      28 |       4 |  12.5
        D:2 |      29 |      13 |  31.0 |      13 |       6 |  31.6
        D:3 |       1 |       0 |   0.0 |       1 |       0 |   0.0
        D:4 |       7 |      82 |  92.1 |       2 |       1 |  33.3
            +---------+---------+-------+---------+---------+-------
